 Dungeon Crawl Stone Soup version 0.22-a0-565-gfc6459a (webtiles) character file.

835 Amnesiac the Cutter (level 7, -3/29 HPs)
             Began as a Spriggan Wanderer on June 28, 2018.
             Was an Initiate of Ru.
             Killed by miscasting Dazzling Spray (22 damage)
             ... on level 4 of the Dungeon.
             The game lasted 00:12:22 (3475 turns).

Amnesiac the Cutter (Spriggan Wanderer)             Turns: 3475, Time: 00:12:23

Health: -3/29      AC:  4    Str: 11    XL:     7   Next: 66%
Magic:  9/12       EV: 20    Int: 12    God:    Ru [......]
Gold:   59         SH:  8    Dex: 16    Spells: 8/12 levels left

rFire    . . .     SeeInvis +   a - +3 dagger
rCold    + . .     Gourm    .   n - +3 buckler "Rigit Lie" {rPois rCorr SInv}
rNeg     . . .     Faith    .   l - +0 robe {rC+}
rPois    +         Spirit   .   (helmet restricted)
rElec    .         Reflect  .   (no cloak)
rCorr    +         Harm     +   (gloves unavailable)
MR       +....     Clarity  +   (boots unavailable)
Stlth    +++.......             i - amulet of harm
HPRegen  0.09/turn              (no ring)
MPRegen  0.13/turn              (no ring)

@: very slightly contaminated, drained, very quick
A: very small, unfitting armour, iridescent scales 1, see invisible, clarity,
herbivore, speed 3, frail 1, slow metabolism 2
a: Renounce Religion


You were on level 4 of the Dungeon.
You worshipped Ru.
Ru was noncommittal.
You were not hungry.

You visited 2 branches of the dungeon, and saw 6 of its levels.

You collected 59 gold pieces.

Inventory:

Hand Weapons
 a - a +3 dagger (weapon)
Armour
 l - a +0 robe of cold resistance (worn)
 n - the +3 buckler "Rigit Lie" (worn) {rPois rCorr SInv}
   (You found it on level 4 of the Dungeon)

   It protects you from poison.
   It lets you see invisible.
   It protects you from acid and corrosion.
Jewellery
 c - an uncursed amulet of rage {unknown}
 f - a cursed amulet of inaccuracy {unknown}
 i - an amulet of harm (around neck)
Scrolls
 h - a scroll of remove curse {!r}
Potions
 b - a potion of haste {!q}
 d - a potion of heal wounds {!q}
 e - a potion of curing {!q}
 g - a potion of lignification {!q}


   Skills:
 - Level 1.5(1.1) Fighting
 * Level 6.5(6.0) Short Blades
 + Level 5.7(5.3) Dodging
 + Level 6.5(6.0) Stealth
 - Level 3.0(2.6) Spellcasting
 - Level 1.0(0.6) Conjurations
 - Level 3.2(2.8) Hexes
   Level 1.3(0.9) Evocations


You had 8 spell levels left.
You knew the following spells:

 Your Spells              Type           Power        Failure   Level  Hunger
a - Dazzling Spray        Conj/Hex       #.....       54%         3    ###....
b - Sting                 Conj/Pois      #...         36%         1    #......

Your spell library contained the following spells:

 Spells                   Type           Power        Failure   Level  Hunger


Dungeon Overview and Level Annotations

Branches:
Dungeon (5/15)             Temple (1/1) D:5

Altars:
Ashenzari
Cheibriados
Dithmenos
Elyvilon
Fedhas
Hepliaklqana
Kikubaaqudgha
Makhleb
Nemelex Xobeh
Okawaru
Ru
Sif Muna
Uskayaw
Vehumet
Wu Jian
Xom
Zin
The Shining One


Innate Abilities, Weirdness & Mutations

You are very small and have problems with some larger weapons.
You are too small for most types of armour.
You have supernaturally acute eyesight. (SInv)
You are a herbivore.
You cover ground extremely quickly.
You need to consume almost no food.
You are partially covered in iridescent scales. (AC +2)
You possess an exceptional clarity of mind.
You are frail. (-10% HP)


Message History

You hit the orc priest.
The orc priest is severely wounded.
You hit the orc priest.
The orc priest is almost dead.
The orc priest casts a cantrip, but nothing happens.
Casting: Dazzling Spray (slightly dangerous; 45% risk of failure)
Confirm with . or Enter, or press ? or * to list all spells.
Aiming: Dazzling Spray (slightly dangerous; 45% risk of failure)
Press: ? - help, Shift-Dir - straight line, f - orc
Aim: an orc, wielding a whip and wearing a chain mail The spray of energy hits the orc.
The orc is moderately wounded.
The orc is dazzled.
The orc priest hits you with a flail of draining.
* * * LOW HITPOINT WARNING * * *
You feel drained. The orc misses you.
You barely miss the orc priest.
The orc priest is almost dead.
You barely miss the orc priest.
The orc priest is almost dead.
The orc closely misses you.
The orc priest hits you with a flail of draining.
* * * LOW HITPOINT WARNING * * *
You feel drained.
* * * LOW HITPOINT WARNING * * *
Unknown command.
Unknown command.
You hit the orc priest but do no damage.
The orc priest is almost dead.
You block the orc's attack. You block the orc priest's attack.
Unknown command.
You hit the orc priest.
You kill the orc priest!
The orc closely misses you.
Unknown command.
You hit the orc but do no damage.
The orc is moderately wounded.
You hit the orc but do no damage.
The orc is moderately wounded.
The orc misses you.
You hit the orc.
You kill the orc!
You start resting.
Your magical contamination has completely faded away.
You start resting.
Magic restored.
You start resting.
Magic restored.
You aren't carrying any food.
Unknown command.
You start resting.
You start resting.
The worker ant is too close now for your liking.
The worker ant twitches its antennae in your direction.
Casting: Dazzling Spray (quite dangerous; 54% risk of failure)
Confirm with . or Enter, or press ? or * to list all spells.
Aiming: Dazzling Spray (quite dangerous; 54% risk of failure)
Press: ? - help, Shift-Dir - straight line, f - worker ant
Aim: a worker ant You miscast Dazzling Spray.
You are very lightly contaminated with residual magic.
Energy rips through your body!
Ouch! That really hurt!
You die...

#.# #....#*#.# #.##.####
#.# *...o,*#†# #.##.##..
#.#
***#..##.#########.##.##.#
#.#
#...............##.##..
#.#
##.##.########..##.##..
#.# #,*#)########.>.......
#.# *,*#.........[........
#<# *,*#).###########.#...
#.# *,##.@# *#.#... #.####
*,#...#*********......
#....#
*,#.#.#,,,,,,,,.......
####.#
*,#.#a#,******##.##.## #.#
*>#.#.#,* #.*#.., #.#
*,....#,** *,**### #.#
**#.##.,,* *,* #.#
**#.,,.,,***** *,* #^#
*,,,,,.,,,,,,* *,*


You could see a worker ant.

Vanquished Creatures
  Duvessa (D:5)
  2 sky beasts (D:5)
  An ice beast (D:5)
  Dowan (D:5)
  A water moccasin skeleton (D:5)
  A howler monkey (D:5)
  A crimson imp (D:5)
  2 orc priests (D:4)
  An iguana (D:5)
  4 worker ants
  3 gnolls (D:4)
  2 adders
  An ooze (D:3)
  A dart slug (D:1)
  A leopard gecko (D:1)
  8 orcs
  3 giant cockroaches
  2 goblins (D:1)
  2 hobgoblins
  2 jackals (D:4)
  A quokka (D:3)
  4 bats
  2 frilled lizards
  A kobold (D:3)
  A quokka skeleton (D:4)
  3 rats
52 creatures vanquished.

Notes
Turn   | Place    | Note
-------+----------+-------------------------------------------
     0 | D:1      | Amnesiac the Spriggan Wanderer began the quest for the Orb.
     0 | D:1      | Amnesiac set off with: a +2 dagger, a potion of haste {!q}, a +0 robe, a ration
     0 | D:1      | Reached XP level 1. HP: 10/10 MP: 5/5
   150 | D:1      | Learned a level 1 spell: Sting
   172 | D:1      | Reached skill level 1 in Short Blades
   363 | D:1      | Reached XP level 2. HP: 14/14 MP: 6/6
   868 | D:3      | Reached XP level 3. HP: 14/18 MP: 1/8
   873 | D:3      | Learned a level 3 spell: Dazzling Spray
  1309 | D:4      | Reached XP level 4. HP: 21/22 MP: 5/9
  1424 | D:4      | Found a glowing golden altar of the Shining One.
  1465 | D:4      | Got a crude buckler
  1505 | D:5      | Entered Level 5 of the Dungeon
  1555 | D:5      | Noticed an ice beast
  1712 | D:5      | Noticed a sky beast
  1720 | D:5      | Killed a sky beast
  1720 | D:5      | Reached XP level 5. HP: 16/25 MP: 3/10
  1726 | D:5      | Identified the +3 buckler "Rigit Lie" {rPois rCorr SInv} (You found it on level 4 of the Dungeon)
  1807 | D:5      | Noticed a sky beast
  1818 | D:5      | Killed a sky beast
  1818 | D:5      | Reached XP level 6. HP: 27/30 MP: 11/11
  1981 | D:5      | Killed an ice beast
  1981 | D:5      | Reached skill level 5 in Short Blades
  1981 | D:5      | Reached skill level 5 in Stealth
  2292 | D:5      | Found a staircase to the Ecumenical Temple.
  2319 | Temple   | Entered the Ecumenical Temple
  2512 | Temple   | Became a worshipper of Ru the Awakened
  2620 | D:5      | Reached XP level 7. HP: 33/33 MP: 9/12
  2660 | D:5      | Reached skill level 5 in Dodging
  2855 | D:5      | Noticed Duvessa
  2855 | D:5      | Noticed Dowan
  2859 | D:5      | Killed Duvessa
  2874 | D:5      | Gained mutation: You are frail. (-10% HP) [potion of mutation]
  2874 | D:5      | Gained mutation: You possess an exceptional clarity of mind. [potion of mutation]
  2874 | D:5      | Gained mutation: You are partially covered in iridescent scales. (AC +2) [potion of mutation]
  2895 | D:5      | Killed Dowan
  3475 | D:4      | Killed by miscasting Dazzling Spray

Vault maps used:
D:1:      dpeg_arrival_tiny_g
D:2:      first_ration
D:3:      grunt_temple_overflow_diamond, kennysheep_pointless_box,
          grunt_decor_arrowhead, uniq_jessica
D:4:      tso_altar
D:5:      temple_doors_ab, uniq_duvessa
Temple:   dpeg_five_rooms_temple

Skill      XL: |  1  2  3  4  5  6  7 |
---------------+----------------------+-----
Short Blades   | 1 2 3 4 5 6 |  6.5
Stealth        | 2 3 4 5 6 |  6.5
Spellcasting   | 3 |  3.0
Dodging        | 2 3 4 5 |  5.7
Hexes          | 3 |  3.2
Fighting       | |  1.5
Conjurations   | |  1.0
Evocations     | |  1.3

Action                   |  1- 3 |  4- 6 |  7- 9 || total
-------------------------+-------+-------+-------++-------
Melee: Dagger            |    90 |    34 |    59 ||   183
       Unarmed           |       |       |     8 ||     8
 Cast: Sting             |    27 |       |       ||    27
       Dazzling Spray    |     4 |     9 |     6 ||    19
  Use: Scroll            |       |     6 |       ||     6
       Potion            |       |       |     5 ||     5
 Stab: Sleeping          |     3 |     7 |     1 ||    11
       Invisible         |     2 |     5 |     1 ||     8
       Distracted        |       |       |     1 ||     1
  Eat: Ration            |       |     3 |       ||     3
Armor: Robe              |    13 |     3 |     2 ||    18
       Skin              |       |       |     3 ||     3
Dodge: Dodged            |    74 |    23 |    28 ||   125
Block: Buckler           |       |     9 |    22 ||    31

Table legend:
 A = Spawn XP
 B = Non-spawn XP
 C = Spawn XP percentage of total XP
 D = Spawn monster count
 E = Non-spawn monster count
 F = Spawn count percentage of total count
 G = Total turns spent on level
                    A         B        C        D         E        F      G
               +---------+---------+-------+---------+---------+-------+---------
         Total |       0 |    1194 |   0.0 |       0 |      52 |   0.0 |  3475
               +---------+---------+-------+---------+---------+-------+---------
           D:1 |       0 |      15 |   0.0 |       0 |       8 |   0.0 |   468
           D:2 |       0 |       7 |   0.0 |       0 |       4 |   0.0 |   169
           D:3 |       0 |      19 |   0.0 |       0 |       8 |   0.0 |   303
           D:4 |       0 |     200 |   0.0 |       0 |      18 |   0.0 |   987
           D:5 |       0 |     953 |   0.0 |       0 |      14 |   0.0 |  1302
               +---------+---------+-------+---------+---------+-------+---------
